Map: Arctic Dream LE

Players

Tiof

  • Race: Terran Terran
  • League: Diamond

DeusVult

  • Race: Terran Terran

Massa - Winner!

  • Race: Terran Terran
  • League: Platinum

qqq - Winner!

  • Race: Zerg Zerg

VOD

Have the link to the VOD?

Description

Time

  • Played on: April 27, 2021, 2:19 p.m.
  • Length: 10:06
Show
View Real Time Build Order
Export as new Build Order

Tiof Terran 

Build Orders:  

Get SALT Encoding   

  12  0:03  SCV  
  13  0:15  SCV  
  13  0:19  Supply Depot  
  14  0:33  SCV  
  15  0:57  Barracks  
  15  1:01  Refinery  
  15  1:04  SCV  
  16  1:16  SCV  
  17  1:28  SCV  
  17  1:30  Command Center  
  18  1:40  SCV  
  19  1:57  Supply Depot  
  19  1:59  Refinery  
  19  2:00  Orbital Command  
  19  2:36  SCV  
  20  2:43  Orbital Command  
  20  2:48  SCV  
  20  2:50  Factory  
  21  2:52  Engineering Bay  
  21  3:00  SCV  
  21  3:06  Reaper  
  21  3:12  SCV  
  16  3:56  SCV  
  17  4:03  Reaper  
  18  4:19  Factory Tech Lab  
  18  4:20  Bunker  
  18  4:33  Orbital Command  
  2  5:16  Command Center  
  2  5:25  Orbital Command, SCV  
  2  5:57  Factory Tech Lab  
  2  6:17  Cyclone  
  4  6:35  SCV, Engineering Bay  
  5  6:47  SCV  
  6  7:17  Orbital Command  
  6  7:25  Orbital Command  
  6  7:32  Barracks Tech Lab  
  6  7:43  SCV  
  7  7:54  SCV  
  7  7:55  SCV  
  9  7:59  SCV  
  10  8:07  SCV  
  11  8:17  Refinery  
  11  8:19  Refinery, SCV  
  12  8:30  Marine  
  12  8:31  Factory  
  13  8:36  SCV  
  14  8:46  Refinery  
  14  8:48  SCV  
  15  9:00  SCV  
  16  9:03  Marauder  
  16  9:04  SCV  
  16  9:09  SCV  
  20  9:12  SCV  
  20  9:16  SCV  
  22  9:21  SCV  
  23  9:28  Refinery, Factory Tech Lab, SCV  
  24  9:39  Supply Depot  
Show
View Real Time Build Order
Export as new Build Order

DeusVult Terran 

Build Orders:  

Get SALT Encoding   

  12  0:01  SCV  
  13  0:26  Supply Depot  
  13  0:28  SCV  
  14  0:40  SCV  
  15  0:50  Barracks  
  15  0:52  Refinery  
  15  0:53  SCV  
  16  1:05  SCV  
  17  1:18  SCV  
  18  1:30  SCV  
  20  1:41  Reaper  
  20  1:42  Orbital Command  
  20  1:56  Command Center  
  20  2:00  Supply Depot  
  20  2:19  SCV  
  20  2:20  Marine  
  22  2:23  Factory  
  22  2:33  Refinery  
  22  2:35  SCV  
  23  2:46  Barracks Reactor  
  23  2:47  SCV  
  24  2:59  SCV  
  24  3:00  Engineering Bay  
  25  3:25  SCV  
  25  3:27  Orbital Command, Marine x2  
  26  3:29  Hellion  
  30  3:43  SCV  
  30  3:47  Marine x2  
  33  3:50  Starport  
  33  3:52  SCV, Missile Turret  
  33  3:55  SCV  
  35  3:58  Factory Tech Lab  
  35  4:05  SCV  
  36  4:17  Siege Tank  
  36  4:23  Marine x2  
  40  4:37  Medivac  
  42  4:41  Marine x2  
  41  4:59  Marine x2  
  43  5:00  Siege Tank  
  46  5:11  Barracks, Supply Depot  
  46  5:13  Supply Depot  
  46  5:16  SCV, Barracks  
  46  5:18  SCV, Marine  
  46  5:19  Marine  
  41  5:36  Marine  
  41  5:37  Marine  
  41  5:38  Siege Tank  
  43  5:44  Starport Reactor  
  43  5:45  SCV  
  43  5:46  SCV  
  43  5:49  Barracks  
  45  5:50  Terran Infantry Weapons Level 1  
  45  5:51  Supply Depot  
  45  5:54  Marine  
  45  5:55  Factory, Marine  
  45  5:56  Refinery x2  
  47  5:57  SCV  
  47  5:58  SCV, Command Center  
  47  6:02  Barracks Tech Lab  
  47  6:03  Barracks Tech Lab  
  49  6:09  SCV  
  50  6:16  Siege Tank  
  50  6:17  Marine  
  50  6:18  Marine  
  55  6:22  Stimpack  
  55  6:23  Barracks  
  55  6:28  SCV x2  
  57  6:34  Marine x2  
  57  6:35  Marine, Medivac  
  62  6:40  SCV, Factory Tech Lab  
  62  6:44  SCV  
  64  6:52  SCV  
  65  6:56  SCV  
  65  6:57  Combat Shield  
  65  6:58  Barracks, Marine x2  
  65  7:00  Marauder  
  70  7:01  Barracks Reactor  
  70  7:10  SCV, Marauder  
  73  7:16  Marine x2  
  73  7:17  SCV x2  
  73  7:21  Marine, Supply Depot  
  73  7:22  SCV  
  77  7:29  SCV  
  75  7:31  Marine  
  75  7:34  Marine x2  
  61  7:47  Marine  
  61  7:48  Marine x2  
  61  7:49  Marine  
  64  7:51  Marine  
  55  8:13  SCV  
  55  8:16  Marine x4  
  55  8:19  Orbital Command  
  60  8:25  SCV  
  61  8:30  Marine x2  
  61  8:31  Siege Tank  
  61  8:33  Marine  
  66  8:37  SCV  
  60  8:44  Command Center  
  59  8:49  SCV  
  58  9:12  Orbital Command  
Show
View Real Time Build Order
Export as new Build Order

Massa Terran - Winner!

Build Orders:  

Get SALT Encoding   

  12  0:00  SCV  
  13  0:12  SCV  
  14  0:17  Supply Depot  
  14  0:24  SCV  
  15  0:38  SCV  
  15  0:39  Barracks  
  16  0:46  Refinery  
  16  0:56  Barracks  
  16  0:59  SCV  
  17  1:12  SCV  
  18  1:23  Refinery  
  18  1:25  Orbital Command  
  18  1:30  Reaper  
  19  1:46  Reaper  
  20  1:51  SCV  
  21  2:02  Reaper  
  21  2:03  SCV  
  23  2:09  Supply Depot  
  23  2:18  Barracks Tech Lab  
  23  2:28  Command Center  
  23  2:31  SCV  
  24  2:37  Barracks Reactor  
  24  2:39  Marine  
  24  2:43  SCV  
  26  2:47  Stimpack  
  26  2:55  SCV, Supply Depot  
  27  3:07  SCV  
  26  3:47  SCV  
  26  3:51  Marauder, Marine x2  
  26  3:53  Factory  
  30  3:57  Barracks  
  30  3:59  Barracks  
  30  4:00  SCV  
  31  4:02  Orbital Command  
  31  4:09  Marine x2  
  33  4:12  SCV, Engineering Bay  
  33  4:13  Marauder  
  33  4:14  Engineering Bay  
  36  4:24  SCV  
  36  4:27  Combat Shield  
  36  4:29  SCV  
  38  4:34  Marauder  
  38  4:35  Marine x2  
  38  4:36  SCV  
  43  4:38  Factory Reactor  
  43  4:41  SCV  
  43  4:44  Starport  
  44  4:47  Marine x2  
  46  4:53  Marine  
  46  4:57  SCV x2  
  46  4:58  Terran Infantry Weapons Level 1  
  46  4:59  Terran Infantry Armor Level 1  
  49  5:04  Marauder  
  49  5:06  Marine x2  
  53  5:13  Marine  
  54  5:26  Factory Tech Lab  
  54  5:31  Supply Depot  
  54  5:33  Supply Depot  
  54  5:34  Supply Depot  
  54  5:36  Refinery  
  54  5:52  SCV x2, Medivac x2  
  54  5:53  Marauder  
  54  5:54  Supply Depot  
  62  5:59  Missile Turret  
  62  6:00  Armory  
  62  6:04  SCV x2  
  62  6:05  Marine x2  
  62  6:06  Marine  
  62  6:10  Widow Mine  
  69  6:16  SCV  
  70  6:19  Supply Depot  
  70  6:22  Medivac  
  72  6:32  Marauder, Marine x4  
  78  6:35  Medivac  
  78  6:38  Widow Mine, SCV x2  
  84  6:52  SCV x2  
  84  6:53  Marauder  
  88  6:58  Command Center  
  80  8:32  SCV  
  80  8:33  SCV  
  82  8:37  Barracks Reactor, Barracks Tech Lab, Marauder  
  82  8:38  Marine x2  
  82  8:39  Siege Tank  
  82  8:40  Medivac x2  
  93  8:44  SCV  
  93  8:45  SCV  
  95  8:56  SCV  
  95  8:57  SCV  
  95  8:58  Marauder  
  99  9:08  SCV  
  99  9:09  SCV  
  101  9:10  Medivac x2  
  101  9:11  Siege Tank  
  100  9:19  Marauder  
  100  9:20  SCV  
  91  9:31  Orbital Command  
  91  9:33  SCV x2  
  91  9:37  Marauder  
  91  9:38  Marine x4  
  97  9:41  Marauder  
  97  9:45  SCV x2  
Show
View Real Time Build Order
Export as new Build Order

qqq Zerg - Winner!

Build Orders: Pool First 

Get SALT Encoding   

  12  0:00  Drone  
  13  0:08  Drone  
  14  0:30  Overlord  
  14  0:37  Spawning Pool  
  14  0:39  Drone  
  14  1:07  Hatchery  
  13  1:17  Extractor, Drone x2  
  14  1:20  Drone  
  15  1:30  Drone  
  16  1:42  Drone  
  17  1:52  Queen  
  19  2:02  Roach Warren  
  19  2:03  Drone  
  19  2:04  Drone  
  20  2:12  Drone  
  21  2:26  Queen  
  23  2:30  Overlord  
  23  2:32  Drone  
  24  2:43  Roach x2  
  28  2:48  Roach  
  30  2:53  Roach  
  30  2:57  Roach  
  34  3:02  Roach  
  36  3:07  Overlord  
  36  3:14  Overlord  
  36  3:26  Roach x2  
  40  3:27  Roach  
  40  3:32  Roach  
  44  3:37  Roach  
  48  3:41  Roach  
  48  3:44  Drone  
  49  3:49  Roach  
  49  3:54  Overlord  
  51  3:58  Drone  
  52  4:41  Roach x2  
  52  4:42  Roach x2  
  56  4:59  Roach x2  
  60  5:03  Overlord x6  
  60  5:15  Extractor  
  55  5:24  Roach x2  
  55  5:42  Roach x4  
  53  5:43  Drone x3  
  53  5:49  Drone x3  
  59  5:51  Extractor  
  58  6:27  Roach  
  58  6:28  Drone x4, Roach x2  
  58  6:29  Drone x3  
  71  6:43  Roach x4  
  71  6:44  Hatchery  
  78  6:53  Roach  
  78  6:54  Roach x2  
  80  7:16  Roach x5  
  88  7:26  Drone x5  
  91  7:48  Drone x2  
  91  7:49  Drone x2  
  91  7:50  Extractor  
  84  8:05  Roach x3  
  88  8:06  Zergling x4  
  90  8:18  Spawning Pool  
  84  8:36  Drone x2  
  84  8:37  Drone x8  
  94  8:46  Drone x2  
  96  9:11  Drone x4  
  96  9:12  Drone x5  
  105  9:23  Ravager x3  
  105  9:24  Ravager x5  
  112  9:26  Drone, Overlord  
  112  9:27  Overlord x3  
Tags
 
Add a new tag
Caveats
  • Supply blocks, unpowered buildings, or Contaminate may cause inaccurate times.
  • Supply counts are checked every 10 seconds.